 Dungeon Crawl Stone Soup version 0.18.1-6-gd335043 (webtiles) character file.

165 Chiseanne the Sneak (level 5, -4/25 HPs)
             Began as a Spriggan Hunter on May 20, 2016.
             Slain by Duvessa
             ... wielding a +0 rapier
              (16 damage)
             ... on level 4 of the Dungeon.
             The game lasted 00:05:19 (1445 turns).

Chiseanne the Sneak (Spriggan Hunter)               Turns: 1445, Time: 00:05:20

Health: -4/25      AC:  3    Str: 15    XL:     5   Next: 22%
Magic:  6/6        EV: 20    Int: 13    God:
Gold:   111        SH:  0    Dex: 17    Spells: 0 memorised, 4 levels left

rFire  . . .     SeeInvis +     a - +0 short sword
rCold  . . .     Gourm    .     c - +1 robe
rNeg   . . .     Faith    .     (shield restricted)
rPois  .         Spirit   .     (helmet restricted)
rElec  .         Dismiss  .     (no cloak)
rCorr  .         Reflect  .     (gloves unavailable)
SustAt .         Harm     .     (boots unavailable)
MR     .....                    (no amulet)
Stlth  ++++......               (no ring)
                                j - +4 ring of strength

@: mighty, very quick, not resistant to hostile enchantments, stealthy
A: unfitting armour, see invisible, herbivore 3, speed 3, slow regeneration 1,
slow metabolism 2, weak 1, evolution 1
a: no special abilities


You were on level 4 of the Dungeon.
You were not hungry.

You visited 1 branch of the dungeon, and saw 4 of its levels.

You collected 111 gold pieces.

Inventory:

Hand Weapons
 a - a +0 short sword (weapon)
 w - a +1 hand crossbow
Missiles
 b - 39 stones (quivered)
 d - 9 bolts
 g - 18 poisoned needles
 n - 6 arrows
Armour
 c - a +1 robe (worn)
Jewellery
 j - a +4 ring of strength (left hand)
Wands
 k - a wand of polymorph (0/24)
Scrolls
 e - a scroll of identify
 h - a scroll of recharging
Potions
 i - a potion of might
Comestibles
 f - 2 bread rations


   Skills:
 - Level 1.5 Fighting
 + Level 2.1 Short Blades
 - Level 4.0 Crossbows
 + Level 4.8 Dodging
 * Level 6.0 Stealth


You had 4 spell levels left.
You didn't know any spells.

Dungeon Overview and Level Annotations

Branches:
Dungeon (4/15)
 Temple: D:4-7

Altars:

Annotations:
D:4 Duvessa, Menkaure


Innate Abilities, Weirdness & Mutations

You are tiny and cannot use many weapons and most armour.
You have supernaturally acute eyesight.
You are a herbivore.
You cover ground extremely quickly.
You need consume almost no food.
You regenerate slowly when monsters are visible.
You are weak. (Str -2)
You evolve.


Message History

Duvessa rages.
Firing (i - inventory. (,) - cycle):
d - 10 bolts (quivered)
Press: ? - help, Shift-Dir - straight line, f/p - Duvessa
Aim: Duvessa, wielding a rapier and wearing a runed ring mail (berserk, fast, unusually strong)
You shoot a bolt. The bolt hits Duvessa.
Duvessa is lightly wounded.
Duvessa rages.
Duvessa hits you with a rapier.
Drink which item? (? for menu, Esc to quit)
You can't drink that!
Wield which item (- for none, * to show all)? (? for menu, Esc to quit)
Okay, then.
Wield which item (- for none, * to show all)? (? for menu, Esc to quit)
a - a +0 short sword (weapon)
Duvessa hits you with a rapier.
Drink which item? (? for menu, Esc to quit)
You feel very mighty all of a sudden. Duvessa hits you with a rapier!
Ouch! That really hurt!
You die...

##### # ########### #...#
...
.........########((.#....
.....[........@e(...((..
###.#####.########...#...
........#.# #####
.##..##.#.######
.................
.##...#.#.######.
.##.#.#.#.# .#....#.#.#
.#..###.#.#


You could see Duvessa (berserk).

Vanquished Creatures
  Dowan (D:4)
  A howler monkey (D:4)
  Ijyb (D:3)
  A hound skeleton (D:4)
  A river rat (D:4)
  An ooze (D:4)
  A giant gecko (D:2)
  6 orcs (D:3)
  A ball python (D:3)
  A bat (D:2)
  A giant cockroach (D:2)
  A goblin (D:2)
  2 hobgoblins
  A quokka (D:3)
  5 kobolds
  3 rats (D:3)
28 creatures vanquished.

Notes
Turn   | Place    | Note
--------------------------------------------------------------
     0 | D:1      | Chiseanne the Spriggan Hunter began the quest for the Orb.
     0 | D:1      | Reached XP level 1. HP: 10/10 MP: 2/2
   111 | D:2      | Reached skill level 2 in Stealth
   317 | D:2      | Found a faded altar to an unknown god.
   345 | D:2      | Reached XP level 2. HP: 14/14 MP: 3/3
   374 | D:3      | Reached skill level 3 in Stealth
   646 | D:4      | Reached skill level 4 in Stealth
   646 | D:4      | Reached XP level 3. HP: 18/18 MP: 4/4
   657 | D:4      | Noticed Blork the orc
   682 | D:3      | Noticed a killer bee
   793 | D:3      | Noticed Ijyb
   811 | D:3      | Killed Ijyb
   811 | D:3      | Reached skill level 1 in Short Blades
   920 | D:4      | Noticed Blork
   920 | D:4      | Blork the orc changed into Blork the ooze
   927 | D:4      | Killed Blork the ooze
   927 | D:4      | Reached XP level 4. HP: 22/22 MP: 5/5
  1153 | D:4      | Gained mutation: You regenerate slowly when monsters are visible. [potion of mutation]
  1153 | D:4      | Gained mutation: You evolve. [potion of mutation]
  1153 | D:4      | Gained mutation: You are weak. (Str -2) [potion of mutation]
  1303 | D:4      | Reached skill level 5 in Stealth
  1388 | D:4      | Noticed Menkaure
  1422 | D:4      | Noticed Duvessa
  1423 | D:4      | Noticed Dowan
  1437 | D:4      | Killed Dowan
  1437 | D:4      | Reached skill level 6 in Stealth
  1437 | D:4      | Reached XP level 5. HP: 21/25 MP: 6/6
  1445 | D:4      | Slain by Duvessa

Skill      XL: |  1  2  3  4 |
---------------+-------------+-----
Stealth        | 2 4 6 |  6.0
Short Blades   | 1 2 |  2.1
Dodging        | 4 |  4.8
Fighting       | |  1.5
Crossbows      | |  4.0

Action                   |  1- 3 |  4- 6 || total
-------------------------+-------+-------++-------
Melee: Short sword       |    16 |    13 ||    29
 Fire: Hand crossbow     |    44 |    11 ||    55
Evoke: Wand              |     2 |     1 ||     3
  Use: Scroll            |     4 |     2 ||     6
       Potion            |     4 |     3 ||     7
 Stab: Sleeping          |     2 |       ||     2
Armor: Robe              |     3 |       ||     3
Dodge: Dodged            |    35 |    22 ||    57
